 Dungeon Crawl Stone Soup version 0.31.0-12-g77e489cdc1 (webtiles) character file.

Game seed: 780697649470627389

1054812 Minsecho the Conqueror (level 27, -2/290 HPs)
             Began as an Oni Gladiator on Feb 15, 2024.
             Was the Champion of Cheibriados.
             Killed from afar by a Brimstone Fiend (37 damage)
             ... with damnation
             ... summoned by Asmodeus
             ... on level 7 of Gehenna on Feb 20, 2024.
             The game lasted 07:50:55 (105629 turns).

Minsecho the Conqueror (Oni Gladiator)            Turns: 105629, Time: 07:50:56

Health: -2/290     AC: 35    Str: 41 (42) XL:     27
Magic:  37/40      EV: 22    Int: 21 (22) God:    Cheibriados [******]
Gold:   7760       SH: 28    Dex: 25      Spells: 8/73 levels left

rFire   + + +        w - +9 morningstar (holy)
rCold   + + +        Q - +2 tower shield {rN+}
rNeg    + + +        A - +11 gold dragon scales
rPois   +            b - +2 hat {SInv}
rElec   +            h - scarf {rC+ rF+}
rCorr   +            (gloves unavailable)
SInv    +            (boots unavailable)
Will    +++++        R - amulet of regeneration Stlth
                     s - ring of Vetuklun {rC+ Will+ rCorr Str+3 Dex-4}
HPRegen 1.48/turn    r - ring "Ramik" {rN+++ Will+ EV+5}
MPRegen 0.27/turn

%: random rage (9%)
@: silenced, resistant, studying 3 skills, unable to read, very slow
A: large, unfitting armour, horns 2, tough skin 1, double potion healing,
drunken brawling, talons 1, iridescent scales 2, berserk 2, clumsy 2, deformed
body, deterioration 2, dopey 2, frail 1, low MP 2, strong-willed 1, sense
surroundings 2, teleportitis 2, weak 1, no potion heal 1, cold vulnerability 1,
subdued magic 1, inability to drink after injury 2, inability to read after
injury 2, persistent drain
}: 9/15 runes: barnacled, slimy, silver, bone, abyssal, demonic, glowing, dark,
gossamer
a: Renounce Religion


You were on level 7 of Gehenna.
You worshipped Cheibriados.
Cheibriados was exalted by your worship.
You visited 15 branches of the dungeon, and saw 67 of its levels.
You visited Pandemonium 1 time, and saw 15 of its levels.
You visited the Abyss 2 times.
You visited 1 bazaar.
You also visited: Trove and Wizlab.

You collected 9885 gold pieces.
You spent 2125 gold pieces at shops.

Inventory:

Hand Weapons
 a - a +9 demon whip of electrocution
 w - a +9 morningstar of holy wrath (weapon)
 C - the +7 lajatang of Order {silver, rMut}
   (You found it on level 3 of the Elven Halls)

   rMut:      It protects you from mutation.
Missiles
 q - 15 javelins
 F - 81 large rocks
 W - 6 silver javelins
 X - 4 throwing nets
Armour
 b - a +2 hat of see invisible (worn)
 h - a scarf of resistance (worn)
 A - +11 gold dragon scales (worn)
 E - a scarf of repulsion
 J - the +8 tower shield of Responsibility {rElec rF- Int+7}
   (You took it off Mennas in Pandemonium)

   Int+7:     It affects your intelligence (+7).
   rF-:       It makes you vulnerable to fire.
   rElec:     It insulates you from electricity.
 N - a +2 kite shield of reflection
 Q - a +2 tower shield of positive energy (worn)
Jewellery
 c - the ring "Adwyskel" {+Blink MP+9 Dex+2 Slay+4}
   (You acquired it on level 3 of the Lair of Beasts)

   [ring of magical power]

   Dex+2:     It affects your dexterity (+2).
   Slay+4:    It affects your accuracy & damage with ranged weapons and melee
   (+4).
   MP+9:      It affects your magic capacity (+9).
   +Blink:    It lets you blink.
 j - the ring "Dijurul" {rPois Int+3 SInv}
   (You found it in a treasure trove)

   [ring of poison resistance]

   Int+3:     It affects your intelligence (+3).
   rPois:     It protects you from poison SInv: It lets you see invisible.
 r - the ring "Ramik" (right hand) {rN+++ Will+ EV+5}
   (You found it in a treasure trove)

   [ring of evasion]

   EV+5:      It affects your evasion (+5).
   rN+++:     It renders you almost immune to negative energy.
   Will+:     It increases your willpower.
 s - the ring of Vetuklun (left hand) {rC+ Will+ rCorr Str+3 Dex-4}
   (You found it in a treasure trove)

   [ring of resist corrosion]

   Str+3:     It affects your strength (+3).
   Dex-4:     It affects your dexterity (-4).
   rC+:       It protects you from cold.
   Will+:     It increases your willpower.
   rCorr:     It protects you from acid and corrosion.
 P - the ring of Xint {Fly Will++ AC+4}
   (You found it on level 5 of the Pits of Slime)

   [ring of protection]

   AC+4:      It affects your AC (+4).
   Will++:    It greatly increases your willpower.
   Fly:       It grants you flight.
 R - an amulet of regeneration (around neck)
 S - the ring of Joy {rPois rF+ Str+5 Dex+3}
   (You found it on level 3 of the Crypt)

   [ring of poison resistance]

   Str+5:     It affects your strength (+5).
   Dex+3:     It affects your dexterity (+3).
   rF+:       It protects you from fire.
   rPois:     It protects you from poison
 V - the amulet "Ostomulubb" {Acrobat rF+ Will+}
   (You found it on level 7 of Tartarus)

   [amulet of the acrobat]

   Acrobat:   It increases your evasion while moving and waiting.
   rF+:       It protects you from fire.
   Will+:     It increases your willpower.
Wands
 p - a wand of digging (34)
 y - a wand of acid (24)
 K - a wand of paralysis (143)
 Y - a wand of roots (96)
 Z - a wand of mindburst (67)
Scrolls
 f - a scroll of poison
Potions
 e - a potion of heal wounds
 i - 16 potions of curing
 k - 11 potions of brilliance
 l - 3 potions of resistance
 m - 3 potions of might
 n - 5 potions of enlightenment
 u - 5 potions of ambrosia
 z - 4 potions of cancellation
 G - 8 potions of magic
 H - 7 potions of invisibility
 O - 7 potions of berserk rage
Miscellaneous
 d - a lightning rod (4/4)
 g - the horn of Geryon
 o - a phantom mirror
 B - a tin of tremorstones (2/2)
 U - a phial of floods


   Skills:
 O Level 27 Fighting
 + Level 21.5 Maces & Flails
 * Level 24.7 Throwing
 * Level 20.3 Armour
 * Level 16.2 Dodging
 + Level 2.0 Stealth
 + Level 22.9 Shields
 * Level 23.7 Spellcasting
 + Level 12.2 Hexes
 + Level 3.3 Necromancy
 + Level 9.4 Translocations
 + Level 8.5 Fire Magic
 + Level 12.6 Air Magic
 + Level 12.7 Alchemy
 - Level 14.9 Invocations
 * Level 13.6 Evocations


You had 8 spell levels left.
You knew the following spells:

 Your Spells              Type           Power      Damage    Failure   Level
a - Sting                 Conj/Alch      100%       1d9       1%          1
b - Blink                 Tloc           98%        N/A       1%          2
c - Vhi's Electric Charg  Tloc/Air       100%       N/A       1%          4
d - Ensorcelled Hibernat  Hex/Ice        76%        N/A       1%          2
e - Mercury Vapours       Alch/Air       100%       N/A       1%          2
f - Scorch                Fire           92%        2d8       1%          2
g - Momentum Strike       Conj/Tloc      68%        3d9       1%          2
h - Slow                  Hex            100%       N/A       1%          1
i - Ignite Poison         Fire/Alch      52%        N/A       1%          4
j - Fugue of the Fallen   Necr           30%        N/A       6%          3
k - Sigil of Binding      Hex            55%        N/A       1%          3
l - Yara's Violent Unrav  Hex/Alch       28%        3d12      1%          5
m - Leda's Liquefaction   Alch/Erth      19%        N/A       6%          4
n - Eringya's Noxious Bo  Alch           28%        4d6       7%          6
o - Silence               Hex/Air        28%        N/A       1%          5
p - Foxfire               Conj/Fire      100%       2x1d9     1%          1
q - Dazzling Flash        Conj/Hex       76%        N/A       1%          3
r - Passage of Golubria   Tloc           49%        N/A       1%          4
s - Sticky Flame          Fire/Alch      52%        2d9       1%          4
u - Inner Flame           Hex/Fire       51%        N/A       1%          3
z - Olgreb's Toxic Radia  Alch           57%        N/A       1%          4

Your spell library contained the following spells:

 Spells                   Type           Power      Damage    Failure   Level
 Apportation              Tloc           98%        N/A       1%          1
 Necrotise                Necr           100%       1d9       1%          1
 Jinxbite                 Hex            100%       N/A       1%          2
 Lesser Beckoning         Tloc           98%        N/A       1%          2
 Static Discharge         Conj/Air       78%        3-7/arc   1%          2
 Confusing Touch          Hex            55%        N/A       1%          3
 Gell's Gravitas          Tloc           49%        N/A       1%          3
 Mephitic Cloud           Conj/Alch/Air  46%        N/A       1%          3
 Teleport Other           Tloc           49%        N/A       1%          3
 Tukima's Dance           Hex            55%        N/A       1%          3
 Airstrike                Air            28%        2d(4-20)  1%          4
 Dimensional Bullseye     Hex/Tloc       26%        N/A       1%          4
 Alistair's Intoxication  Alch           38%        N/A       1%          5
 Anguish                  Hex/Necr       22%        N/A       3%          4
 Kiss of Death            Conj/Necr      96%        2d12      4%          1
 Vampiric Draining        Necr           30%        2d8       6%          3
 Fulminant Prism          Conj/Alch      19%        3d11      6%          4
 Petrify                  Alch/Erth      39%        N/A       6%          4
 Summon Lightning Spire   Summ/Air       39%        N/A       6%          4
 Magic Dart               Conj           76%        1d6       9%          1
 Sandblast                Erth           38%        2d10      9%          1
 Summon Small Mammal      Summ           76%        N/A       9%          1
 Call Imp                 Summ           38%        N/A       13%         2
 Searing Ray              Conj           38%        2d5       13%         2
 Iskenderun's Mystic Bla  Conj/Tloc      34%        2d8       13%         4
 Flame Wave               Conj/Fire      32%        2d9       16%         4
 Summon Blazeheart Golem  Fire/Summ      32%        N/A       16%         4
 Arcjolt                  Conj/Air       19%        1d29      19%         5
 Irradiate                Conj/Alch      19%        3d18      19%         5
 Plasma Beam              Fire/Air       26%        2x1d38    19%         6
 Metabolic Englaciation   Hex/Ice        19%        N/A       21%         5
 Summon Mana Viper        Hex/Summ       38%        N/A       21%         5
 Animate Dead             Necr           30%        N/A       22%         4
 Call Canine Familiar     Summ           19%        N/A       26%         3
 Frozen Ramparts          Ice            38%        1d6       26%         3
 Hailstorm                Conj/Ice       19%        3d7       26%         3
 Ozocubu's Armour         Ice            19%        N/A       26%         3
 Passwall                 Erth           19%        N/A       26%         3
 Stone Arrow              Conj/Erth      38%        3d9       26%         3
 Summon Ice Beast         Ice/Summ       19%        N/A       26%         3
 Dispersal                Tloc           24%        N/A       28%         6
 Summon Forest            Summ/Tloc      17%        N/A       34%         5
 Martyr's Knell           Necr/Summ      24%        N/A       41%         4
 Freezing Cloud           Conj/Ice/Air   16%        6-21      41%         5
 Enfeeble                 Hex            27%        N/A       47%         7
 Curse of Agony           Necr           30%        N/A       54%         5
 Animate Armour           Summ/Erth      38%        N/A       67%         4
 Brom's Barrelling Bould  Conj/Erth      19%        2d4       67%         4
 Sculpt Simulacrum        Ice/Alch       19%        N/A       71%         6
 Conjure Ball Lightning   Conj/Air       19%        3x3d6     73%         6
 Borgnjor's Vile Clutch   Necr/Erth      12%        N/A       78%         5
 Starburst                Conj/Fire      16%        6d6       94%         6
 Iskenderun's Battlesphe  Conj           19%        2d7       95%         5
 Lee's Rapid Deconstruct  Erth           9%         3d7*      95%         5
 Death Channel            Necr           15%        N/A       98%         6
 Discord                  Hex            27%        N/A       99%         8
 Bombard                  Conj/Erth      9%         9d2       100%        6
 Summon Cactus Giant      Summ           9%         N/A       100%        6
 Haunt                    Necr/Summ      12%        N/A       100%        7
 Monstrous Menagerie      Summ           9%         N/A       100%        7
 Orb of Destruction       Conj           9%         9d6       100%        7
 Ozocubu's Refrigeration  Ice            9%         4d9       100%        7
 Spellforged Servitor     Conj/Summ      9%         N/A       100%        7
 Summon Hydra             Summ           9%         N/A       100%        7
 Disjunction              Tloc           24%        N/A       100%        8
 Ignition                 Fire           23%        3d8       100%        8
 Infestation              Necr           15%        N/A       100%        8
 Lehudib's Crystal Spear  Conj/Erth      9%         10d4      100%        8
 Chain Lightning          Conj/Air       19%        3d26      100%        9
 Fire Storm               Conj/Fire      16%        8d4       100%        9
 Shatter                  Erth           9%         3d11*     100%        9


Dungeon Overview and Level Annotations

Branches:
Dungeon (15/15)            Temple (1/1) D:4            Lair (5/5) D:11
 Shoals (4/4) Lair:3       Spider (4/4) Lair:2        Slime (5/5) Lair:4
    Orc (2/2) D:11            Elf (3/3) Orc:2        Vaults (5/5) D:13
  Crypt (3/3) Vaults:2       Tomb (0/3) Crypt:3      Depths (4/4) D:15
   Hell (visited)             Dis (0/7) Hell            Geh (7/7) Hell
    Coc (0/7) Hell            Tar (7/7) Hell            Zot (1/5) Depths:4
 WizLab (visited)

Altars:
Ashenzari
Cheibriados
Dithmenos
Elyvilon
Fedhas
Gozag
Hepliaklqana
Kikubaaqudgha
Makhleb
Nemelex Xobeh
Okawaru
Qazlal
Ru
Sif Muna
Trog
Uskayaw
Vehumet
Wu Jian
Xom
Yredelemnul
Zin
The Shining One
Jiyva

Shops:
D:8 *   Orc:2 (**((   Elf:2 (=[(   Elf:3 [!(   Shoals:1 (   Shoals:3 [
Depths:2 ==:

Portals:
Hell: Depths:1 Depths:2 Depths:3 Depths:4
Abyss: Depths:3 Depths:4
Pandemonium: Depths:2
Ziggurat: Depths:1

Annotations:
D:7 2 transporters, biznut's ghost, novice SpEn
Geh:7 Asmodeus


Innate Abilities, Weirdness & Mutations

You are too large for most types of armour.
You have a pair of horns on your head.
You have tough skin. (AC +1)
You gain doubled healing and magic from potions.
Whenever you drink a healing potion, you attack all around you.
You have sharp toenails.
You are mostly covered in iridescent scales. (AC +4)
You have an uncontrollable temper.
You are very clumsy. (Dex -4)
Armour fits poorly on your strangely shaped body.
Your body often deteriorates upon taking damage.
You are very dopey. (Int -4)
You are frail. (-10% HP)
Your magical capacity is very low. (-20% MP)
You are strong-willed. (Will+)
You passively map the area around you.
You are often teleported next to monsters.
You are weak. (Str -2)
Potions are less effective at restoring your health.
You are vulnerable to cold. (rC-)
Your spells are a little easier to cast, but a little less powerful.
You sometimes lose the ability to drink potions when taking damage.
You sometimes lose the ability to read scrolls when taking damage.
Your health recovers twice as slowly from being drained.


Message History

The hellion gestures at you.
The sphere of damnation explodes!
The damnation engulfs you!! Asmodeus gestures at you.
The sphere of damnation explodes!
The damnation engulfs you!!! The Brimstone Fiend gestures at you.
The sphere of damnation explodes!
The damnation engulfs you!!!
* * * LOW HITPOINT WARNING * * *
Unknown command.
Okay, then.
Unknown command.
Okay, then.
Unknown command.
Unknown command.
Unknown command.
Unknown command.
Unknown command.
Press: ? - help, v - describe, . - travel A teleport trap.
This square is shrouded in silence.
Unknown command.
Press: ? - help, v - describe, . - travel
Here: a Brimstone Fiend (silenced, unaffected by silence) Ashen ground.
Unknown command.
The hellion gestures at you.
The sphere of damnation explodes!
The damnation engulfs you!!!
* * * LOW HITPOINT WARNING * * *
Asmodeus gestures at you.
The sphere of damnation explodes!
The damnation engulfs you!!
* * * LOW HITPOINT WARNING * * *
You close the door.
Something unseen opens the door.
You feel much better. Asmodeus gestures at you.
The bolt of fire hits the Brimstone Fiend.
The Brimstone Fiend completely resists.
The bolt of fire misses you. The Brimstone Fiend gestures at you.
The sphere of damnation explodes!
The damnation engulfs the Brimstone Fiend.
The Brimstone Fiend completely resists.
The damnation engulfs you!!!
You die...

'....# ~ ..# #○☼ * ~ ##)..# ~
..#.., ~ 8#...# ~ * ,..°○☼ ~
~ ~ .#..## ~~* #.§&# ~~ ~
.#..# ~~ #.1☼# * ~ ~ ~ .#..#~
~* #...# ~ ~ .#..#~~ #...#
###~ ~ .#..# ~ ##1## * ###~ ~
##..### ##@..## ≈### ~~
......# ~ §≈*##.....##*≈≈###~
~ ......# ~§§##.^#.#..##≈≈###
..##..#≈§§§≈##.......##≈≈###~
..##..#L§§≈§##.......##§§###
~ ......#≈≈≈§≈##..#.#..##≈≈##
~~ ......#≈§≈≈≈ ##.....##
≈≈## #######
≈≈§§≈###...###≈§≈## ~~ ≈≈§≈≈≈
≈≈≈≈≈≈###'###§§§≈## ~~~


You could see Asmodeus (clouds) and 2 Brimstone Fiends.

Vanquished Creatures
  the Royal Jelly (Slime:5)
  Gloorx Vloq (Pan)
  Ereshkigal (Tar:7)
  Mnoleg (Pan)
  6 dread liches
  6 ancient liches
  5 juggernauts
  Mennas (Pan)
  Josephina (Crypt:2)
  Saint Roka (Vaults:3)
  The ghost of Dolerph the Warrior, an adept DrSh of Okawaru (Depths:4)
  Margery (Vaults:3)
  Geryon (Hell)
  2 caustic shrikes
  3 golden dragons
  The ghost of Jimoer the Warrior, an adept DsHu of Gozag (Depths:3)
  2 profane servitors
  Nikola (Elf:2)
  23 bone dragons
  25 Tzitzimimeh
  19 doom hounds
  21 Brimstone Fiends
  5 Ice Fiends
  The ghost of Larett the Warrior, an adept OnGl of Gozag (Lair:3)
  16 Hell Sentinels (Pan)
  11 hellephants
  3 spectral shard shrikes
  19 tainted leviathans
  Jorgrun (D:14)
  6 tentacled monstrosities
  4 titans
  9 liches
  5 deep elf master archers
  2 deep elf blademasters (Elf:3)
  28 searing wretches
  4 walking frostbound tomes
  6 quicksilver dragons
  5 sphinxes
  24 acid blobs
  Polyphemus (Shoals:3)
  3 krakens
  8 ancient champions
  36 Executioners
  Gastronok (D:10)
  9 tentacled starspawn
  A death cob (Zot:1)
  11 pandemonium lords (Pan)
  2 thorn hunters (WizLab)
  9 storm dragons
  The ghost of croobank the Black Sun, an adept FeSu of Kikubaaqudgha (Shoals:4)
  3 tengu reavers
  The ghost of Lhightning the Slayer, a journeyman MiBe of Trog (D:14)
  4 revenants
  Donald (Orc:2)
  16 frost giants
  A draconian monk (Depths:4)
  7 shadow dragons
  9 azure jellies
  7 protean progenitors (Pan)
  11 rockslimes
  A daeva (Pan)
  25 fire giants
  2 iron dragons
  15 demonspawn warmongers (Pan)
  65 balrugs
  3 fenstrider witches (WizLab)
  A draconian shifter (Abyss:4)
  10 deep elf sorcerers
  The ghost of occam the Magus, a journeyman DsEE of Nemelex Xobeh (Shoals:1)
  A draconian scorcher (Zot:1)
  17 vault wardens
  Louise (Elf:2)
  A spectral caustic shrike (Geh:4)
  5 deep elf elementalists (Elf:3)
  13 ironbound preservers
  3 orc warlords
  2 spriggan defenders
  3 curse skulls
  2 draconian stormcallers
  A ghost moth (Spider:4)
  7 formless jellyfish
  5 ghouls
  22 demonspawn corrupters (Pan)
  12 juggernaut skeletons (Pan)
  A draconian annihilator (Abyss:4)
  22 stone giants
  38 cacodemons
  2 starflowers (Abyss:4)
  44 reapers
  11 quicksilver oozes
  5 caustic shrike skeletons (Pan)
  20 demonspawn blood saints (Pan)
  10 ironbound thunderhulks
  7 broodmothers
  21 very ugly things
  An elemental wellspring (Depths:1)
  13 vampire knights
  7 deep elf demonologists
  3 green draconians
  3 black draconians
  19 demonspawn black suns (Pan)
  14 putrid mouths
  2 eleionomae (WizLab)
  A red draconian (Zot:1)
  18 lorocyprocas (Pan)
  6 deep elf death magi
  14 spark wasps
  2 purple draconians
  A white draconian (Zot:1)
  A spectral titan (Tar:5)
  4 dire elephants (Vaults:3)
  8 deep elf annihilators
  6 war gargoyles
  Azrael (Elf:2)
  22 eidola
  47 blizzard demons
  18 ettins
  Snorg (D:12)
  8 merfolk javelineers
  2 iron golems (Hell)
  15 jiangshi
  7 entropy weavers
  7 fire dragons
  17 yaktaur captains
  5 deep elf high priests
  2 shambling mangroves
  5 merfolk impalers
  A spectral quicksilver dragon (Tar:1)
  A spectral golden dragon (Tar:1)
  14 green deaths
  A spectral iron giant (Geh:4)
  A crystal guardian (Vaults:1)
  8 great orbs of eyes
  38 vault guards
  3 caustic shrike simulacra
  4 hydras
  6 salamander tyrants
  A kraken zombie (Hell)
  A quicksilver dragon skeleton (Crypt:2)
  2 spectral spriggans
  2 ghost crabs (Abyss:4)
  18 ice dragons
  A spectral shadow dragon (Tar:2)
  4 catoblepae
  9 rakshasas
  A spriggan skeleton (Crypt:1)
  8 ironbound frosthearts
  4 peacekeepers
  4 merfolk avatars
  2 jorogumos (Spider:3)
  3 ogre magi
  An alligator (Shoals:2)
  A sphinx zombie (D:15)
  An alligator (shapeshifter) (Depths:2)
  22 centaur warriors
  5 merfolk aquamancers
  A spectral stone giant (Tar:5)
  An anaconda (shapeshifter) (Depths:4)
  6 death knights
  4 hell beasts
  5 spriggan air magi
  15 stokers
  5 radroaches
  3 alligator snapping turtles
  5 boulder beetles
  6 satyrs
  17 two-headed ogres
  10 tengu warriors
  13 thrashing horrors
  2 sphinx skeletons
  38 dancing weapons
  5 deep troll earth magi
  A titan zombie (Depths:1)
  3 naga sharpshooters (WizLab)
  4 deep troll shamans
  7 orc high priests
  4 spectral dire elephants
  6 holy swine (Pan)
  9 vampire magi
  12 death yaks
  3 shock serpents (Pan)
  18 deep elf knights
  85 demonic crawlers
  40 hell knights
  76 soul eaters
  6 spriggan berserkers
  151 sun demons
  47 hell hogs
  A spectral catoblepas (Tar:1)
  33 skeletal warriors
  A titan skeleton (Crypt:1)
  Sonja (D:10)
  2 fire crabs (Abyss:4)
  44 sixfirhies
  2 skysharks
  6 iron trolls
  23 shadow wraiths
  5 pharaoh ants
  14 wretched stars
  11 sea snakes
  A spark wasp zombie (D:15)
  A hellephant skeleton (Pan)
  13 orb spiders
  37 shadow demons (Pan)
  33 deep trolls
  An anaconda zombie (Abyss:1)
  5 spatial maelstroms (Abyss:4)
  An orange crystal statue (Depths:1)
  8 flayed ghosts
  2 spriggan simulacra
  A sun moth (Spider:2)
  5 arcanists
  3 glowing orange brains
  A lindwurm (shapeshifter) (Depths:3)
  16 deep elf archers
  A snapping turtle (shapeshifter) (Vaults:4)
  12 lindwurms
  Pikel (D:7)
  5 steelbarb worms
  17 ironbound convokers
  8 orc knights
  32 deep elf pyromancers
  44 deep elf zephyrmancers
  22 phantasmal warriors
  16 necromancers
  An alligator zombie (Hell)
  90 large abominations
  23 harpies
  3 lightning spires (Elf:3)
  A shadow dragon skeleton (Crypt:3)
  A spectral ettin (Geh:4)
  11 shining eyes
  An oklob plant (WizLab)
  44 ugly things
  Maurice (D:10)
  4 orc sorcerers
  A frost giant zombie (Depths:1)
  12 manticores
  11 fauns
  6 cyclopes
  2 worldbinders
  20 wolf spiders
  3 moths of wrath
  2 centaur zombies
  A dire elephant zombie (Abyss:1)
  3 kobold blastminers (Orc:2)
  10 meliai
  A stone giant skeleton (Crypt:1)
  5 black mambas
  10 merfolk sirens
  13 rust devils
  4 Executioner simulacra (Pan)
  2 apocalypse crabs (Abyss:4)
  7 elephants (Lair:5)
  3 water nymphs
  39 orange demons
  4 molten gargoyles (Hell)
  16 vault sentinels
  Joseph (D:8)
  4 eyes of devastation
  An alligator snapping turtle zombie (Crypt:3)
  7 ice statues
  12 cane toads
  5 torpor snails
  57 smoke demons
  Jeremiah (D:6)
  4 komodo dragons (Lair:5)
  A death yak zombie (Crypt:2)
  10 freezing wraiths
  2 unseen horrors
  15 hellions
  5 rime drakes
  An iron troll zombie (Crypt:2)
  26 tormentors
  3 spectral nagas
  A kobold demonologist (D:11)
  4 ancient zymes
  A spark wasp simulacrum (Depths:3)
  A death yak skeleton (Crypt:1)
  A catoblepas zombie (Crypt:1)
  56 yaktaurs
  11 ice devils
  A tengu conjurer (Depths:1)
  An anaconda simulacrum (Abyss:4)
  A great orb of eyes zombie (Crypt:2)
  11 red devils
  A queen bee (Spider:3)
  2 golden dragon simulacra (Depths:3)
  3 hydra zombies (Hell)
  5 wind drakes
  6 polar bears
  4 spectral harpies
  5 trolls
  A silent spectre (Tar:6)
  A harpy zombie (Abyss:4)
  26 merfolk
  7 hornets
  Prince Ribbit (D:7)
  3 hydra skeletons (Hell)
  12 blink frogs
  A shadow dragon simulacrum (Crypt:2)
  14 hellwings
  18 raiju
  28 tarantellas
  6 dream sheep (Lair:5)
  A frost giant simulacrum (Depths:1)
  2 stone giant simulacra
  12 snapping turtles
  A fire giant simulacrum (Depths:3)
  19 culicivoras
  3 glass eyes
  32 jumping spiders
  3 spriggans
  15 air elementals
  92 slime creatures
  92 ynoxinuls
  A satyr skeleton (Crypt:2)
  20 water elementals
  7 shadows
  A spectral black mamba (Tar:1)
  2 vampires (D:11)
  8 wraiths
  Eustachio (D:5)
  8 fire elementals
  A black mamba skeleton (Crypt:1)
  56 yaks
  3 wyverns
  8 starcursed masses (Abyss:4)
  7 golden eyes
  6 wargs
  7 death yak simulacra (Lair:5)
  53 redbacks
  5 basilisks
  17 vampire mosquitoes
  4 spatial vortices (Abyss:4)
  50 neqoxecs
  A sea snake simulacrum (Hell)
  2 harpy simulacra
  52 chaos spawn
  A glowing shapeshifter zombie (Depths:1)
  3 acid dragons
  A cane toad zombie (Crypt:1)
  A hydra simulacrum (Lair:5)
  7 water moccasins
  5 hell hounds
  32 orc warriors
  2 sky beasts
  4 ice beasts
  11 boggarts
  53 laughing skulls
  15 wolves
  14 ogres
  A phantom (D:7)
  A lemure (D:7)
  10 centaurs
  A kobold brigand (D:8)
  A brain worm (shapeshifter) (D:14)
  4 weeping skulls
  11 bullfrogs
  2 scorpions (D:5)
  2 earth elementals (Elf:1)
  3 brain worms
  6 necrophages
  A glowing shapeshifter simulacrum (Depths:3)
  16 small abominations
  A warg skeleton (Crypt:2)
  14 killer bees
  4 burial acolytes (Crypt:3)
  3 howler monkeys
  An elephant simulacrum (Lair:5)
  2 crimson imps
  Crazy Yiuf (D:7)
  4 hounds
  2 bombardier beetles
  4 gnoll boudas
  2 jellies
  A sleepcap (D:5)
  41 orc priests
  Jessica (D:2)
  An iguana (D:4)
  2 hell rats (Lair:5)
  27 orc wizards
  2 ice beast zombies (Crypt:1)
  18 gnolls
  7 adders
  A howler monkey skeleton (Crypt:1)
  A shadow imp (D:5)
  6 white imps
  2 hell rat simulacra (Lair:5)
  6 ufetubi
  An adder skeleton (Crypt:2)
  A ribbon worm (D:2)
  89 orcs
  A bat skeleton (Crypt:1)
  4 endoplasms
  6 giant cockroaches
  5 goblins
  7 hobgoblins
  5 jackals
  7 kobolds
  3 quokkas
  5 ball pythons
  7 bats
  3 frilled lizards
  A goblin skeleton (Crypt:1)
  8 rats
  An aspiring flesh (Pan)
  5 creeping infernos
  13 fire vortices
  8 starspawn tentacles
  11 tentacles
4186 creatures vanquished.

Vanquished Creatures (collateral kills)
  A pandemonium lord (Pan)
  Frances (D:14)
  A shadow dragon (Depths:2)
  A very ugly thing (Depths:2)
4 creatures vanquished.

Vanquished Creatures (others)
  A pandemonium lord (Pan)
  A searing wretch (Geh:7)
  An eldritch tentacle (Pan)
  4 fire giants
  An ironbound preserver (Vaults:5)
  2 balrugs (Geh:7)
  A demonspawn blood saint (Pan)
  A blizzard demon (Pan)
  A merfolk aquamancer (Shoals:4)
  8 stokers (Geh:7)
  A deep elf knight (Elf:1)
  A spriggan simulacrum (Crypt:2)
  A lightning spire (Elf:3)
  2 water elementals
  A culicivora (Spider:4)
  2 chaos spawn (Pan)
  A quasit (Abyss:1)
  3 ball lightnings (Pan)
  3 creeping infernos
  2 lurking horrors
  20 starspawn tentacles
  18 tentacles
76 creatures vanquished.

Grand Total: 4266 creatures vanquished

Notes
Turn   | Place    | Note
-------+----------+-------------------------------------------
     0 | D:1      | Minsecho the Oni Gladiator began the quest for the Orb.
     0 | D:1      | Reached XP level 1. HP: 22/22 MP: 1/1
   142 | D:1      | Reached XP level 2. HP: 29/29 MP: 2/2
  1014 | D:2      | Reached XP level 3. HP: 36/36 MP: 3/3
  1076 | D:2      | Noticed Jessica
  1079 | D:2      | Killed Jessica
  1080 | D:2      | Reached skill level 3 in Fighting
  1080 | D:2      | Reached XP level 4. HP: 45/45 MP: 4/4
  1987 | D:3      | Found a glowing silver altar of Zin.
  2042 | D:3      | Found a shimmering blue altar of Sif Muna.
  2247 | D:3      | Reached skill level 5 in Maces & Flails
  2247 | D:3      | Reached XP level 5. HP: 42/53 MP: 5/5
  2911 | D:4      | Reached XP level 6. HP: 39/62 MP: 6/6
  3212 | D:4      | Found a bloodstained altar of Trog.
  3212 | D:4      | Found an ornate altar of the Wu Jian Council.
  3278 | D:4      | Reached skill level 4 in Fighting
  3462 | D:4      | Found a staircase to the Ecumenical Temple.
  3475 | D:4      | Reached skill level 1 in Stealth
  3485 | Temple   | Entered the Ecumenical Temple
  3615 | Temple   | Became a worshipper of Cheibriados the Contemplative
  3856 | D:5      | Entered Level 5 of the Dungeon
  3991 | D:5      | Reached XP level 7. HP: 38/71 MP: 7/7
  4337 | D:5      | Noticed a wyvern
  4339 | D:5      | Noticed Eustachio
  4348 | D:5      | Killed a wyvern
  4349 | D:5      | Reached skill level 5 in Fighting
  4371 | D:5      | Reached * piety under Cheibriados
  4544 | D:5      | You fall into a shaft and drop 1 floor!
  4615 | D:6      | Reached skill level 5 in Dodging
  4697 | D:6      | Reached XP level 8. HP: 38/83 MP: 8/8
  5176 | D:6      | Reached skill level 6 in Fighting
  5186 | D:6      | Noticed Jeremiah
  5194 | D:6      | Paralysed by Jeremiah for 5 turns
  5200 | D:6      | Killed Jeremiah
  5440 | D:6      | Learned a level 1 spell: Sting
  5443 | D:6      | Learned a level 2 spell: Mercury Vapours
  5448 | D:6      | Learned a level 4 spell: Olgreb's Toxic Radiance
  5538 | D:6      | Reached skill level 7 in Fighting
  6079 | D:7      | Noticed Prince Ribbit
  6257 | D:7      | Noticed Pikel
  6282 | D:7      | Killed Pikel
  6283 | D:7      | Reached skill level 1 in Alchemy
  6283 | D:7      | Reached XP level 9. HP: 53/96 MP: 9/12
  6580 | D:7      | Reached skill level 8 in Fighting
  6825 | D:5      | Reached ** piety under Cheibriados
  7294 | D:5      | Killed Eustachio
  7762 | D:7      | Killed Prince Ribbit
  7855 | D:7      | Found a transporter.
  7855 | D:7      | Noticed a komodo dragon
  7866 | D:7      | Noticed a moth of wrath
  7868 | D:7      | Noticed biznut's ghost (novice SpEn)
  7877 | D:7      | Found a transporter.
  7991 | D:7      | Found a runed translucent door.
  7992 | D:7      | Noticed Crazy Yiuf
  8079 | D:7      | Found an ancient bone altar of Kikubaaqudgha.
  8128 | D:7      | Found a white marble altar of Elyvilon.
  8137 | D:7      | Found a blossoming altar of Fedhas.
  8492 | D:7      | Killed Crazy Yiuf
  8493 | D:7      | Reached skill level 1 in Shields
  8826 | D:8      | Reached XP level 10. HP: 101/106 MP: 15/15
  9023 | D:8      | Reached *** piety under Cheibriados
  9093 | D:8      | Found an opulent altar of Gozag.
  9098 | D:8      | Found Gozag's Platinum Reserve.
  9452 | D:8      | Noticed Joseph
  9477 | D:8      | Killed Joseph
  9669 | D:8      | Found a burning altar of Makhleb.
  9669 | D:8      | Found a radiant altar of Vehumet.
  9712 | D:8      | Noticed a boulder beetle
  9746 | D:8      | Killed a boulder beetle
  9747 | D:8      | Reached skill level 5 in Spellcasting
 10294 | D:9      | Identified the +3 leather armour of Unambiguity {rPois
                  | Dex+3 Stlth+}
 10514 | D:9      | Reached skill level 1 in Evocations
 10635 | D:10     | Entered Level 10 of the Dungeon
 10669 | D:10     | Noticed a two-headed ogre
 10688 | D:10     | Killed a two-headed ogre
 10912 | D:10     | Noticed Maurice
 10915 | D:10     | Noticed Sonja
 10916 | D:10     | Maurice stole a staff of fire
 10923 | D:10     | Something stole a ring of protection from cold
 10925 | D:10     | Something stole 6 javelins
 10932 | D:10     | Something stole an orb of guile
 10933 | D:10     | Killed Maurice
 10934 | D:10     | Reached skill level 9 in Fighting
 11018 | D:10     | Killed Sonja
 11018 | D:10     | Paralysed by an orc warrior for 2 turns
 11019 | D:10     | Reached XP level 11. HP: 56/115 MP: 19/19
 11025 | D:10     | Reached skill level 5 in Shields
 11410 | D:10     | Noticed Gastronok
 11708 | D:11     | Reached **** piety under Cheibriados
 11844 | D:11     | Found a staircase to the Orcish Mines.
 11933 | D:11     | Noticed a cyclops
 11944 | D:11     | Killed a cyclops
 12308 | D:11     | Found a staircase to the Lair.
 12343 | D:11     | Identified the +2 robe of Qazlal's Generosity {Dex+4}
 12348 | D:11     | Noticed a manticore
 12357 | D:11     | Killed a manticore
 12465 | D:11     | Noticed a soul eater
 12570 | D:12     | Noticed a boulder beetle
 12764 | D:12     | Killed a boulder beetle
 12765 | D:12     | Reached skill level 1 in Armour
 12901 | D:10     | Killed Gastronok
 12902 | D:10     | Reached skill level 5 in Alchemy
 12902 | D:10     | Reached skill level 1 in Invocations
 13298 | D:12     | Noticed Snorg
 13313 | D:12     | Killed Snorg
 13436 | D:12     | Noticed a two-headed ogre
 13451 | D:12     | Killed a two-headed ogre
 13475 | D:12     | Reached XP level 12. HP: 124/124 MP: 16/22
 13688 | D:12     | Noticed a two-headed ogre
 13698 | D:12     | Killed a two-headed ogre
 13721 | D:12     | Noticed a two-headed ogre
 13728 | D:12     | Killed a two-headed ogre
 14206 | D:13     | Learned a level 2 spell: Ensorcelled Hibernation
 14276 | D:13     | Reached skill level 10 in Fighting
 14324 | D:13     | Found a gate to the Vaults.
 14324 | D:13     | Noticed a vault guard
 14324 | D:13     | Noticed a vault guard
 14324 | D:13     | Noticed a vault guard
 14324 | D:13     | Noticed a vault guard
 14324 | D:13     | Noticed a vault guard
 14324 | D:13     | Noticed a vault guard
 14324 | D:13     | Noticed a vault guard
 14324 | D:13     | Noticed a vault guard
 14372 | D:12     | Killed a vault guard
 14379 | D:12     | Reached ***** piety under Cheibriados
 14423 | Lair:1   | Entered Level 1 of the Lair of Beasts
 14553 | Lair:1   | Identified the +0 ring mail "Tueffod" {Fly rElec SInv}
 14764 | Lair:1   | You fall into a shaft and drop 1 floor!
 14774 | Lair:2   | Learned a level 2 spell: Blink
 14776 | Lair:2   | Learned a level 1 spell: Slow
 14779 | Lair:2   | Learned a level 2 spell: Momentum Strike
 14782 | Lair:2   | Learned a level 2 spell: Scorch
 14918 | Lair:2   | Reached skill level 5 in Throwing
 15484 | Lair:2   | Found a hole to the Spider Nest.
 15494 | Lair:2   | Reached skill level 1 in Translocations
 15588 | Lair:2   | Reached skill level 5 in Invocations
 15893 | Lair:1   | Learned a level 3 spell: Fugue of the Fallen
 15906 | Lair:1   | Reached XP level 13. HP: 135/135 MP: 19/23
 16496 | Lair:3   | Found a staircase to the Shoals.
 16815 | Lair:3   | Found a runed translucent door.
 16816 | Lair:3   | Found a shimmering altar of Xom.
 16816 | Lair:3   | Noticed Larett's ghost (adept OnGl)
 17171 | Lair:3   | Identified a scroll of acquirement
 17172 | Lair:3   | Reached skill level 11 in Fighting
 17172 | Lair:3   | Reached XP level 14. HP: 146/146 MP: 24/26
 17173 | Lair:3   | Acquired the ring "Adwyskel" {+Blink MP+9 Dex+2 Slay+4}
 17536 | Lair:4   | Reached ****** piety under Cheibriados
 17858 | Lair:4   | Reached skill level 10 in Maces & Flails
 18399 | Lair:4   | Found a viscous altar of Jiyva.
 18400 | Lair:4   | Found a staircase to the Slime Pits.
 18548 | Lair:5   | Entered Level 5 of the Lair of Beasts
 19132 | Lair:5   | Reached skill level 12 in Fighting
 19360 | Lair:5   | Reached XP level 15. HP: 42/156 MP: 23/28
 20116 | Lair:5   | Reached skill level 5 in Translocations
 20327 | Lair:5   | Reached skill level 1 in Fire Magic
 21447 | D:14     | Noticed Frances
 21452 | D:14     | Killed Frances
 21514 | D:14     | Found a runed translucent door.
 21585 | D:14     | Found a shimmering altar of Xom.
 21585 | D:14     | Noticed Lhightning's ghost (journeyman MiBe)
 21655 | D:14     | Noticed Jorgrun
 21661 | D:14     | Reached skill level 10 in Spellcasting
 21674 | D:14     | Killed Jorgrun
 21675 | D:14     | Reached skill level 10 in Invocations
 22129 | D:15     | Entered Level 15 of the Dungeon
 22164 | D:15     | Reached skill level 13 in Fighting
 22250 | D:15     | Reached skill level 1 in Hexes
 22287 | D:15     | Reached skill level 10 in Shields
 22288 | D:15     | Reached XP level 16. HP: 110/169 MP: 21/30
 22339 | D:15     | Identified the +0 plate armour of the New World {rC+ Int+3}
 22342 | D:15     | Identified the +1 scale mail "Wysoxzoz" {rN+ Int+3}
 22771 | D:15     | Found a staircase to the Depths.
 23149 | Orc:1    | Entered Level 1 of the Orcish Mines
 23805 | Orc:2    | Entered Level 2 of the Orcish Mines
 23907 | Orc:2    | Reached skill level 5 in Armour
 24163 | Orc:2    | Noticed Donald
 24175 | Orc:2    | Killed Donald
 24209 | Orc:2    | Paralysed by an orc sorcerer for 2 turns
 24343 | Orc:2    | Found Dop Poag's Antique Weapon Shop.
 24421 | Orc:2    | Bought a smouldering war axe for 340 gold pieces
 24421 | Orc:2    | Identified the +10 war axe "Earthworm" {drain, *Slow rPois
                  | Str+2} (You bought it in a shop on level 2 of the Orcish
                  | Mines)
 24536 | Orc:2    | Found a staircase to the Elven Halls.
 24579 | Orc:2    | Found Pigiulaf's Assorted Antiques.
 24579 | Orc:2    | Found Tauseler's Antique Weapon Boutique.
 24580 | Orc:2    | Found Celylu Layk's General Store.
 24584 | Orc:2    | Found Motanim's Antique Weapon Shop.
 24858 | Orc:2    | Bought a potion of might for 72 gold pieces
 24858 | Orc:2    | Bought a potion of ambrosia for 144 gold pieces
 24860 | Orc:2    | Bought a runed bronze wand for 116 gold pieces
 24860 | Orc:2    | Bought a scroll of enchant weapon for 217 gold pieces
 24865 | Orc:2    | Bought a potion of heal wounds for 145 gold pieces
 24867 | Orc:2    | Bought a buzzing great mace for 322 gold pieces
 24867 | Orc:2    | Identified the +9 great mace "Evopnor" {speed, Will++
                  | Dex+4} (You bought it in a shop on level 2 of the Orcish
                  | Mines)
 25091 | Spider:1 | Entered Level 1 of the Spider Nest
 25435 | Spider:1 | Reached skill level 14 in Fighting
 26132 | Spider:1 | Learned a level 4 spell: Ignite Poison
 26137 | Spider:1 | Learned a level 4 spell: Sticky Flame
 26532 | Spider:2 | Reached skill level 5 in Hexes
 26618 | Spider:2 | Reached XP level 17. HP: 173/182 MP: 32/32
 27370 | Spider:3 | Reached skill level 10 in Throwing
 27918 | Spider:4 | Entered Level 4 of the Spider Nest
 28613 | Spider:4 | Reached skill level 15 in Fighting
 29099 | Spider:4 | Got a gossamer rune of Zot
 29842 | Shoals:1 | Entered Level 1 of the Shoals
 29876 | Shoals:1 | Reached XP level 18. HP: 189/193 MP: 33/33
 30032 | Shoals:1 | Found a runed translucent door.
 30032 | Shoals:1 | Noticed occam's ghost (journeyman DsEE)
 30351 | Shoals:1 | Found Raov's Antique Weapon Emporium.
 30362 | Shoals:1 | Bought an iridescent mace for 232 gold pieces
 30362 | Shoals:1 | Identified the +5 mace of Agexysa {drain, rPois Int+2} (You
                  | bought it in a shop on level 1 of the Shoals)
 30805 | Depths:1 | Entered Level 1 of the Depths
 31043 | Depths:1 | Found a one-way gateway to a ziggurat.
 31061 | Depths:1 | Noticed a lich
 31071 | Depths:1 | Killed a lich
 31514 | Depths:1 | Noticed a quicksilver dragon
 31517 | Depths:1 | Reached skill level 10 in Dodging
 31518 | Depths:1 | Killed a quicksilver dragon
 31578 | Depths:1 | Noticed a golden dragon
 32164 | Depths:1 | Reached skill level 16 in Fighting
 32402 | Shoals:1 | Killed occam's ghost
 33852 | Shoals:3 | Reached XP level 19. HP: 179/204 MP: 34/35
 34041 | Shoals:3 | Found Inynet's Antique Armour Emporium.
 34203 | Shoals:3 | Noticed Polyphemus
 34215 | Shoals:3 | Killed Polyphemus
 34216 | Shoals:3 | Reached skill level 1 in Necromancy
 34557 | Shoals:4 | Entered Level 4 of the Shoals
 34557 | Shoals:4 | Found a runed translucent door.
 34558 | Shoals:4 | Noticed croobank's ghost (adept FeSu)
 34602 | Shoals:4 | Reached skill level 5 in Fire Magic
 34645 | Shoals:4 | Killed croobank's ghost
 34683 | Shoals:4 | Got the Tractate on Force
 35528 | Shoals:4 | Identified the +0 short sword of Reinforcement {pain,
                  | rPois}
 35540 | Shoals:4 | Identified the ring "Luwiv" {rC+ rN+ Int-4 Dex+7}
 35819 | Shoals:4 | Identified the +4 spear "Cemele" {spect, Str+5 Dex-2}
 36193 | Shoals:4 | Got a barnacled rune of Zot
 36654 | Lair:3   | Killed Larett's ghost
 37194 | Depths:1 | Found a gateway to Hell.
 37332 | Depths:1 | Killed a golden dragon
 37364 | Depths:1 | Noticed a juggernaut
 37364 | Depths:1 | Noticed a juggernaut
 37376 | Depths:1 | Killed a juggernaut
 37377 | Depths:1 | Reached skill level 17 in Fighting
 37378 | Depths:1 | Killed a juggernaut
 37417 | Depths:1 | Noticed a juggernaut
 37431 | Depths:1 | Noticed a caustic shrike
 37517 | Depths:2 | Found a one-way gate leading to the halls of Pandemonium.
 37541 | Depths:2 | Found Jitz's Book Boutique.
 37542 | Depths:2 | Found Jathi's Jewellery Emporium.
 37542 | Depths:2 | Found Baegaut's Jewellery Emporium.
 37586 | Depths:2 | Reached XP level 20. HP: 137/218 MP: 37/37
 38022 | Depths:2 | HP: 9/218 [ettin/+0 dire flail (20)]
 38303 | Vaults:1 | Entered Level 1 of the Vaults
 38526 | Depths:1 | Killed a juggernaut
 38541 | Depths:1 | Killed a caustic shrike
 38796 | Depths:1 | Identified the +6 hand axe of Regicide {pain, Fly Dex+3}
 38830 | Depths:1 | Identified the +0 cloak of Light {Dex+3}
 39329 | Vaults:1 | Reached skill level 10 in Alchemy
 39381 | Vaults:1 | Got the Omnibus of the Summer and the Chill
 40236 | Vaults:1 | Found a gateway to a bazaar.
 40267 | Bazaar   | Entered a bazaar
 40267 | Bazaar   | Found Xecealusoe's Magic Scroll Boutique.
 40267 | Bazaar   | Found Namiurre's General Store.
 40267 | Bazaar   | Found Regajeamm's Armour Shop.
 40269 | Bazaar   | Found Duggesiu's Distillery.
 40290 | Bazaar   | Bought a scroll of teleportation for 27 gold pieces
 40313 | Bazaar   | Bought a potion of might for 28 gold pieces
 40313 | Bazaar   | Bought a potion of curing for 21 gold pieces
 40313 | Bazaar   | Bought a potion of magic for 56 gold pieces
 40313 | Bazaar   | Bought a potion of ambrosia for 56 gold pieces
 40319 | Bazaar   | Bought a scroll of fear for 40 gold pieces
 40319 | Bazaar   | Bought a scroll of teleportation for 30 gold pieces
 40320 | Bazaar   | Bought a scroll of enchant armour for 75 gold pieces
 40432 | Vaults:2 | Found a portal to a secret trove of treasure.
 40464 | Vaults:2 | Found a magical portal.
 40480 | WizLab   | Entered Eringya's Formal Garden
 40486 | WizLab   | Learned a level 3 spell: Sigil of Binding
 40721 | WizLab   | Reached skill level 18 in Fighting
 40858 | WizLab   | Reached XP level 21. HP: 211/230 MP: 36/39
 40865 | WizLab   | Found a blossoming altar of Fedhas.
 42228 | Vaults:2 | Found a staircase to the Crypt.
 44657 | Vaults:3 | Noticed Margery
 44673 | Vaults:3 | Killed Margery
 44984 | Vaults:3 | Found a huge runed translucent gate.
 44984 | Vaults:3 | Found a huge runed translucent gate.
 44984 | Vaults:3 | Found a huge runed translucent gate.
 44984 | Vaults:3 | Found a huge runed translucent gate.
 44984 | Vaults:3 | Found a huge runed translucent gate.
 44984 | Vaults:3 | Found a huge runed translucent gate.
 44985 | Vaults:3 | Found a huge runed translucent gate.
 44985 | Vaults:3 | Found a huge runed translucent gate.
 44985 | Vaults:3 | Found a huge runed translucent gate.
 44985 | Vaults:3 | Found a huge runed translucent gate.
 44985 | Vaults:3 | Found a huge runed translucent gate.
 44986 | Vaults:3 | Found a huge runed translucent gate.
 44987 | Vaults:3 | Found a huge runed translucent gate.
 44988 | Vaults:3 | Found a huge runed translucent gate.
 44989 | Vaults:3 | Found a huge runed translucent gate.
 44990 | Vaults:3 | Found a huge runed translucent gate.
 44990 | Vaults:3 | Found a huge runed translucent gate.
 44995 | Vaults:3 | Found a huge runed translucent gate.
 44996 | Vaults:3 | Found a huge runed translucent gate.
 44996 | Vaults:3 | Found a huge runed translucent gate.
 44996 | Vaults:3 | Found a huge runed translucent gate.
 44996 | Vaults:3 | Found a huge runed translucent gate.
 44998 | Vaults:3 | Found a huge runed translucent gate.
 44999 | Vaults:3 | Found a huge runed translucent gate.
 45000 | Vaults:3 | Found a huge runed translucent gate.
 45000 | Vaults:3 | Found a huge runed translucent gate.
 45005 | Vaults:3 | Found a huge runed translucent gate.
 45006 | Vaults:3 | Found a huge runed translucent gate.
 45006 | Vaults:3 | Found a huge runed translucent gate.
 45006 | Vaults:3 | Found a huge runed translucent gate.
 45006 | Vaults:3 | Found a huge runed translucent gate.
 45008 | Vaults:3 | Found a huge runed translucent gate.
 45009 | Vaults:3 | Found a huge runed translucent gate.
 45010 | Vaults:3 | Found a huge runed translucent gate.
 45010 | Vaults:3 | Found a huge runed translucent gate.
 45015 | Vaults:3 | Found a huge runed translucent gate.
 45061 | Vaults:3 | Noticed Saint Roka
 45065 | Vaults:3 | Reached skill level 15 in Spellcasting
 45171 | Vaults:3 | Killed Saint Roka
 45172 | Vaults:3 | Reached XP level 22. HP: 191/241 MP: 41/41
 46153 | Vaults:3 | Reached skill level 19 in Fighting
 47426 | Vaults:4 | Reached skill level 10 in Armour
 49095 | Depths:2 | Found a sacrificial altar of Ru.
 49277 | Depths:2 | Reached skill level 15 in Throwing
 50489 | Depths:3 | Reached XP level 23. HP: 253/253 MP: 42/42
 50878 | Depths:3 | Noticed Jimoer's ghost (adept DsHu)
 50879 | Depths:3 | Identified the ring of Dats {Fire ^Contam Str-2 Dex+8
                  | Slay+5}
 50891 | Depths:3 | Found a runed translucent gate.
 50891 | Depths:3 | Found a runed translucent gate.
 50891 | Depths:3 | Found a runed translucent gate.
 51013 | Depths:3 | Found a one-way gate to the infinite horrors of the Abyss.
 51060 | Depths:3 | Noticed a caustic shrike
 51070 | Depths:3 | Killed a caustic shrike
 51167 | Depths:3 | Noticed a juggernaut
 51174 | Depths:3 | Killed a juggernaut
 51806 | Depths:3 | Killed Jimoer's ghost
 51962 | Depths:4 | Entered Level 4 of the Depths
 52115 | Depths:4 | Reached skill level 20 in Fighting
 52284 | Depths:4 | Noticed a juggernaut
 52289 | Depths:4 | Killed a juggernaut
 52559 | Depths:4 | Found a runed translucent door.
 52559 | Depths:4 | Noticed Dolerph's ghost (adept DrSh)
 52750 | Depths:4 | Noticed a golden dragon
 52758 | Depths:4 | Killed a golden dragon
 52869 | Depths:4 | Found a gate to the Realm of Zot.
 53883 | Vaults:2 | You paid a toll of 9 potions of haste to enter a treasure
                  | trove
 53884 | Trove    | Entered a treasure trove
 53888 | Trove    | Identified the +1 hat of Vosoni {+Blink Fly Stlth+}
 53889 | Trove    | Identified the +1 hat of Ciagogit {Fly rPois Str-5}
 53890 | Trove    | Identified the +1 hat "Beamowonk" {rPois rF+++ rC+ MP-9}
 53892 | Trove    | Identified the amulet "Niunysua" {RegenMP rF++}
 53894 | Trove    | Identified the amulet "Ogourgh" {Acrobat -Cast rElec Str+5}
 53902 | Trove    | Identified the +1 buckler of Uhujua {^Drain rElec rCorr
                  | Stlth+}
 53909 | Trove    | Identified the ring "Dijurul" {rPois Int+3 SInv}
 53933 | Trove    | Identified the ring "Ihoivo" {rPois Dex+6 Stlth+}
 53945 | Trove    | Identified the ring "Ramik" {rN+++ Will+ EV+5}
 53958 | Trove    | Identified the ring of Vetuklun {rC+ Will+ rCorr Str+3
                  | Dex-4}
 53973 | Trove    | Identified the ring "Buubrud" {rPois Dex+4}
 53986 | Trove    | Identified the ring of Toesmom {rC- rCorr AC+4 Int+7
                  | Slay-2}
 54422 | Depths:4 | Killed Dolerph's ghost
 54831 | D:14     | Killed Lhightning's ghost
 55139 | Vaults:4 | Gained mutation: You possess an exceptional clarity of
                  | mind. [potion of mutation]
 55139 | Vaults:4 | Gained mutation: You occasionally shout uncontrollably at
                  | your foes. [potion of mutation]
 55139 | Vaults:4 | Gained mutation: You have large cloven feet. [potion of
                  | mutation]
 55139 | Vaults:4 | Gained mutation: You are partially covered in iridescent
                  | scales. (AC +2) [potion of mutation]
 55146 | Vaults:4 | Learned a level 5 spell: Yara's Violent Unravelling
 55151 | Vaults:4 | Learned a level 4 spell: Leda's Liquefaction
 55158 | Vaults:4 | Learned a level 6 spell: Eringya's Noxious Bog
 55162 | Vaults:5 | Entered Level 5 of the Vaults
 55163 | Vaults:5 | Noticed a dread lich
 55169 | Vaults:5 | Reached XP level 24. HP: 223/266 MP: 41/43
 55183 | Vaults:4 | Killed a dread lich
 55432 | Vaults:5 | Noticed a dread lich
 55521 | Vaults:5 | Noticed an ancient lich
 55537 | Vaults:4 | Killed a dread lich
 55618 | Vaults:4 | Killed an ancient lich
 55633 | Vaults:5 | Noticed a dread lich
 55747 | Vaults:4 | Killed a dread lich
 55905 | Vaults:5 | Reached skill level 21 in Fighting
 56036 | Vaults:5 | Identified the +1 falchion of Freehold {freeze, SInv}
 56040 | Vaults:5 | Noticed an ancient lich
 56046 | Vaults:5 | Killed an ancient lich
 56301 | Vaults:5 | Identified the +1 leather armour of Daisies {Rampage rC+
                  | Slay+2}
 56619 | Vaults:5 | Identified the amulet of Bym Kiwi {Reflect ^Fragile rPois
                  | Str+6 SH+5}
 56657 | Vaults:5 | Got a silver rune of Zot
 56802 | Vaults:5 | Got the Discursus on Translocated Bedrock
 57199 | Vaults:5 | Identified the ring "Jiraf" {Str+2 SInv}
 57660 | Elf:1    | Entered Level 1 of the Elven Halls
 57739 | Elf:1    | Reached XP level 25. HP: 278/278 MP: 43/43
 57848 | Elf:1    | Paralysed by an air elemental for 1 turns
 59081 | Elf:1    | Paralysed by an air elemental for 1 turns
 59276 | Elf:2    | Found Waas's Weapon Boutique.
 59285 | Elf:2    | Found Duifrab's Armour Boutique.
 59361 | Elf:2    | Found Racemeez's Jewellery Boutique.
 59368 | Elf:2    | Noticed Azrael
 59378 | Elf:2    | Killed Azrael
 59499 | Elf:2    | Found Mesu's Antique Weapon Boutique.
 59721 | Elf:2    | Found a huge runed translucent gate.
 59721 | Elf:2    | Found a huge runed translucent gate.
 59721 | Elf:2    | Found a huge runed translucent gate.
 59721 | Elf:2    | Found a huge runed translucent gate.
 59721 | Elf:2    | Found a huge runed translucent gate.
 59746 | Elf:2    | Noticed Nikola
 59754 | Elf:2    | Killed Nikola
 60012 | Elf:3    | Entered Level 3 of the Elven Halls
 60343 | Elf:2    | Noticed Louise
 60353 | Elf:2    | Killed Louise
 60704 | Elf:3    | Found a runed translucent door.
 60712 | Elf:3    | Paralysed by an air elemental for 1 turns
 60718 | Elf:3    | Paralysed by an air elemental for 1 turns
 60769 | Elf:3    | Identified the staff "Renaos" {rElec rN++ Conj Air}
 61047 | Elf:3    | Found an ancient bone altar of Kikubaaqudgha.
 61175 | Elf:3    | Found Xawanu's Antique Weapon Emporium.
 61177 | Elf:3    | Found Wecveq's Distillery.
 61180 | Elf:3    | Found Taviodoph's Antique Armour Emporium.
 61185 | Elf:3    | Bought a potion of curing for 36 gold pieces
 61185 | Elf:3    | Bought 2 potions of curing for 72 gold pieces
 61447 | Elf:3    | Identified the ring of Ciustrib {rCorr MP-9 Str+3 Int+2}
 61541 | Elf:3    | Found the +7 lajatang of Order {silver, rMut}
 61541 | Elf:3    | Found the +5 Lochaber axe {reach-cleave, Poleaxe ^Drain}
 61547 | Elf:3    | Identified the +4 morningstar of Osteet {freeze, Fly rPois
                  | rF- Dex-3}
 61561 | Elf:3    | Identified the +2 rapier "Gol Suna" {freeze, +Blink}
 61565 | Elf:3    | Identified the +8 dagger "Hopn" {protect, *Rage Dex+2 SInv}
 61566 | Elf:3    | Identified the staff of Ru, Shimmering {rC+ Str+3 Ice}
 61575 | Elf:3    | Identified the ring of the Barracuda {Ice *Slow rElec Dex+3
                  | Stlth+}
 61592 | Elf:3    | Identified the +0 hand axe "Camilor" {elec, MP+9}
 61603 | Elf:3    | Identified the staff "Veoquj" {rElec rN+ Int+3 Stlth- Summ
                  | Air}
 61831 | Elf:3    | Identified the +2 robe of the Yeti {Int+3}
 62455 | Crypt:1  | Entered Level 1 of the Crypt
 62492 | Crypt:1  | Reached XP level 26. HP: 264/291 MP: 44/44
 62536 | Crypt:1  | Reached skill level 22 in Fighting
 62547 | Crypt:1  | Learned a level 5 spell: Silence
 62674 | Crypt:1  | Noticed a dread lich
 62747 | Crypt:1  | Reached skill level 1 in Air Magic
 62958 | Crypt:1  | Found a shimmering blue altar of Sif Muna.
 62964 | Crypt:1  | Found a transporter.
 63006 | Crypt:1  | Paralysed by a dread lich for 2 turns
 63012 | Crypt:1  | Killed a dread lich
 63098 | Crypt:1  | Found a transporter.
 64073 | Crypt:2  | Identified the ring of Ryleosm {Ice ^Drain rCorr Int-3
                  | SInv}
 64073 | Crypt:2  | Noticed Josephina
 64089 | Crypt:2  | Killed Josephina
 64090 | Crypt:2  | Reached skill level 15 in Dodging
 64417 | Crypt:3  | Entered Level 3 of the Crypt
 64592 | Crypt:3  | Found a basalt altar of Yredelemnul.
 65003 | Crypt:3  | Found a staircase to the Tomb.
 65003 | Crypt:3  | Noticed an ancient lich
 65019 | Crypt:3  | Killed an ancient lich
 65020 | Crypt:3  | Reached skill level 15 in Maces & Flails
 65037 | Crypt:3  | Identified the ring of Joy {rPois rF+ Str+5 Dex+3}
 65042 | Crypt:3  | Identified the staff "Giant's Undoing" {+Blink Earth}
 65952 | Slime:1  | Entered Level 1 of the Pits of Slime
 65984 | Lair:4   | Reached skill level 15 in Shields
 66317 | Slime:1  | Reached XP level 27. HP: 255/302 MP: 44/44
 67367 | Slime:5  | Entered Level 5 of the Pits of Slime
 68207 | Slime:4  | Reached skill level 23 in Fighting
 68424 | Slime:5  | Gained mutation: Potions are less effective at restoring
                  | your health. [a shining eye]
 68424 | Slime:5  | Gained mutation: You frequently scream uncontrollably at
                  | your foes. [a shining eye]
 68427 | Slime:5  | Lost mutation: You possess an exceptional clarity of mind.
                  | [potion of mutation]
 68427 | Slime:5  | Lost mutation: You are partially covered in iridescent
                  | scales. (AC +2) [potion of mutation]
 68427 | Slime:5  | Gained mutation: You are clumsy. (Dex -2) [potion of
                  | mutation]
 68427 | Slime:5  | Gained mutation: You passively dampen the noise of your
                  | surroundings. [potion of mutation]
 68428 | Slime:5  | Lost mutation: You passively dampen the noise of your
                  | surroundings. [potion of mutation]
 68428 | Slime:5  | Lost mutation: You have large cloven feet. [potion of
                  | mutation]
 68428 | Slime:5  | Lost mutation: Potions are less effective at restoring your
                  | health. [potion of mutation]
 68428 | Slime:5  | Gained mutation: Your spells are a little harder to cast,
                  | but a little more powerful. [potion of mutation]
 68428 | Slime:5  | Gained mutation: You are very clumsy. (Dex -4) [potion of
                  | mutation]
 68428 | Slime:5  | Gained mutation: Your mind is acute. (Int +4, Str/Dex -1)
                  | [potion of mutation]
 68429 | Slime:5  | Lost mutation: You frequently scream uncontrollably at your
                  | foes. [potion of mutation]
 68429 | Slime:5  | Lost mutation: Your mind is acute. (Int +4, Str/Dex -1)
                  | [potion of mutation]
 68429 | Slime:5  | Gained mutation: You have hidden genetic defects. [potion
                  | of mutation]
 68429 | Slime:5  | Gained mutation: You are partially covered in iridescent
                  | scales. (AC +2) [potion of mutation]
 68430 | Slime:5  | Lost mutation: You have hidden genetic defects. [potion of
                  | mutation]
 68430 | Slime:5  | Lost mutation: You occasionally shout uncontrollably at
                  | your foes. [potion of mutation]
 68430 | Slime:5  | Lost mutation: You are very clumsy. (Dex -4) [potion of
                  | mutation]
 68430 | Slime:5  | Gained mutation: Your flesh is heat resistant. (rF+)
                  | [potion of mutation]
 68430 | Slime:5  | Gained mutation: You occasionally shout uncontrollably at
                  | your foes. [potion of mutation]
 68430 | Slime:5  | Gained mutation: You are strong-willed. (Will+) [potion of
                  | mutation]
 68512 | Slime:5  | Reached skill level 5 in Air Magic
 68677 | Slime:5  | Noticed the Royal Jelly
 68685 | Slime:5  | Killed the Royal Jelly
 68920 | Slime:5  | Identified the +1 scale mail of the Hidden Vale {Harm
                  | Str+4}
 68998 | Slime:5  | Got a slimy rune of Zot
 69089 | Slime:5  | Identified the staff of Eternity {Str+4 Conj}
 69208 | Slime:5  | Identified the ring of Xint {Fly Will++ AC+4}
 69210 | Slime:5  | Identified the staff "Ozxad" {^Contam rElec Str+2 Fire Air}
 69759 | Crypt:1  | Learned a level 1 spell: Foxfire
 71310 | Zot:1    | Entered Level 1 of the Realm of Zot
 71611 | Depths:3 | Voluntarily entered the Abyss.
 71623 | Abyss:1  | Found a corrupted altar of Lugonu.
 71680 | Abyss:1  | Found a corrupted altar of Lugonu.
 71682 | Abyss:1  | Found a corrupted altar of Lugonu.
 72128 | Abyss:2  | Found a corrupted altar of Lugonu.
 72152 | Abyss:2  | Found a burning altar of Makhleb.
 72161 | Abyss:2  | Noticed an ancient lich
 72164 | Abyss:2  | Killed an ancient lich
 72173 | Abyss:2  | Found a burning altar of Makhleb.
 72300 | Abyss:2  | Found a burning altar of Makhleb.
 72382 | Abyss:3  | Found a corrupted altar of Lugonu.
 72457 | Abyss:3  | Found a corrupted altar of Lugonu.
 72506 | Abyss:3  | Gained mutation: You are frail. (-10% HP) [a neqoxec]
 72931 | Abyss:4  | Reached skill level 15 in Armour
 72989 | Abyss:4  | Gained mutation: You occasionally lose the ability to read
                  | scrolls when taking damage. [a cacodemon]
 73195 | Abyss:4  | Got an abyssal rune of Zot
 73212 | Abyss:4  | Paralysed by you for 1 turns
 73251 | Abyss:4  | Reached skill level 24 in Fighting
 73282 | Depths:3 | Escaped the Abyss
 73376 | Hell     | Entered the Vestibule of Hell
 73376 | Hell     | Noticed Geryon
 73409 | Hell     | Killed Geryon
 73638 | Hell     | Found a gateway to the freezing wastes of Cocytus.
 73736 | Hell     | Found a gateway to the Iron City of Dis.
 73982 | Hell     | Found a gateway to the decaying netherworld of Tartarus.
 74216 | Hell     | Found a gateway to the ashen valley of Gehenna.
 74738 | Depths:1 | Identified the +2 leather armour of the Buccaneer {rCorr
                  | Str+2 Int-2 Dex+4}
 75279 | Pan      | Entered Pandemonium
 75977 | Pan      | Noticed Enauf the pandemonium lord
 75997 | Pan      | Killed Enauf the pandemonium lord
 76182 | Pan      | Reached skill level 5 in Evocations
 76487 | Pan      | Noticed Vockuod the pandemonium lord
 76553 | Pan      | Killed Vockuod the pandemonium lord
 77178 | Pan      | Identified the +2 pair of boots of Immorality {rN+ Dex+5}
 77201 | Pan      | Lost mutation: You are strong-willed. (Will+) [potion of
                  | mutation]
 77201 | Pan      | Lost mutation: You are frail. (-10% HP) [potion of
                  | mutation]
 77201 | Pan      | Gained mutation: You passively map a small area around you.
                  | [potion of mutation]
 77610 | Pan      | Reached skill level 25 in Fighting
 77686 | Pan      | Reached skill level 10 in Hexes
 77897 | Pan      | Found an exit through the horrors of the Abyss.
 78134 | Pan      | Noticed Poid the pandemonium lord
 78182 | Pan      | Killed Poid the pandemonium lord
 78418 | Pan      | Got a demonic rune of Zot
 79272 | Pan      | Found an exit through the horrors of the Abyss.
 79712 | Pan      | Gained mutation: Armour fits poorly on your strangely
                  | shaped body. [a neqoxec]
 80141 | Pan      | Noticed Pessopud the pandemonium lord
 80161 | Pan      | Killed Pessopud the pandemonium lord
 80457 | Pan      | Gained mutation: You sometimes lose the ability to read
                  | scrolls when taking damage. [a neqoxec]
 80759 | Pan      | Noticed Ciroxe Nych the pandemonium lord
 80768 | Pan      | Killed Ciroxe Nych the pandemonium lord
 82465 | Pan      | Noticed Tionief the pandemonium lord
 82466 | Pan      | Gained mutation: Your health recovers twice as slowly from
                  | being drained. [a cacodemon]
 82478 | Pan      | Killed Tionief the pandemonium lord
 82743 | Pan      | Gained mutation: You do not regenerate when monsters are
                  | visible. [a cacodemon]
 82748 | Pan      | Gained mutation: Your body sometimes deteriorates upon
                  | taking damage. [a cacodemon]
 82827 | Pan      | Reached skill level 26 in Fighting
 82867 | Pan      | Lost mutation: You occasionally shout uncontrollably at
                  | your foes. [potion of mutation]
 82867 | Pan      | Lost mutation: Your spells are a little harder to cast, but
                  | a little more powerful. [potion of mutation]
 82867 | Pan      | Lost mutation: Your flesh is heat resistant. (rF+) [potion
                  | of mutation]
 82867 | Pan      | Gained mutation: You possess an exceptional clarity of
                  | mind. [potion of mutation]
 82867 | Pan      | Gained mutation: You are weak. (Str -2) [potion of
                  | mutation]
 82867 | Pan      | Gained mutation: You expend magic power (3 MP) to
                  | strengthen your wands. [potion of mutation]
 83543 | Pan      | Found an exit through the horrors of the Abyss.
 84389 | Pan      | Found an exit through the horrors of the Abyss.
 84559 | Pan      | Found a runed translucent door.
 84566 | Pan      | Noticed Toseutas the pandemonium lord
 85113 | Pan      | Killed Toseutas the pandemonium lord
 85197 | Pan      | Reached skill level 10 in Air Magic
 85664 | Pan      | Learned a level 3 spell: Dazzling Flash
 85669 | Pan      | Learned a level 4 spell: Passage of Golubria
 85674 | Pan      | Learned a level 4 spell: Vhi's Electric Charge
 85678 | Pan      | Learned a level 3 spell: Inner Flame
 85690 | Pan      | Noticed Qicisy the pandemonium lord
 85697 | Pan      | Killed Qicisy the pandemonium lord
 85918 | Pan      | Lost mutation: You sometimes lose the ability to read
                  | scrolls when taking damage. [potion of mutation]
 85918 | Pan      | Lost mutation: You possess an exceptional clarity of mind.
                  | [potion of mutation]
 85918 | Pan      | Gained mutation: You are strong-willed. (Will+) [potion of
                  | mutation]
 85918 | Pan      | Lost mutation: You are weak. (Str -2) [potion of mutation]
 85918 | Pan      | Gained mutation: You have a pair of horns on your head.
                  | [potion of mutation]
 86553 | Pan      | Noticed Attax the pandemonium lord
 86558 | Pan      | Killed Attax the pandemonium lord
 87213 | Pan      | Found an exit through the horrors of the Abyss.
 87861 | Pan      | Noticed Wowibloekk the pandemonium lord
 87879 | Pan      | Killed Wowibloekk the pandemonium lord
 88604 | Pan      | Reached skill level 27 in Fighting
 88706 | Pan      | Identified the ring of Simoak {Fly rCorr}
 88801 | Pan      | Identified the +9 battleaxe of Ointment {freeze, rElec rC+
                  | Int+2}
 89045 | Pan      | Found an exit through the horrors of the Abyss.
 89293 | Pan      | Noticed Uneptecw the pandemonium lord
 89297 | Abyss:4  | Cast into level 4 of the Abyss (Uneptecw)
 89599 | Pan      | Escaped the Abyss
 89610 | Pan      | Killed Uneptecw the pandemonium lord
 90154 | Pan      | Entered the realm of Gloorx Vloq.
 90200 | Pan      | Found an exit through the horrors of the Abyss.
 90813 | Pan      | Noticed Gloorx Vloq
 90823 | Pan      | Killed Gloorx Vloq
 91077 | Pan      | Got a dark rune of Zot
 91305 | Pan      | Reached skill level 10 in Evocations
 91647 | Pan      | Noticed Ateff the pandemonium lord
 91672 | Pan      | Killed Ateff the pandemonium lord
 91731 | Pan      | Gained mutation: Your spells are a little harder to cast,
                  | but a little more powerful. [a neqoxec]
 91921 | Pan      | Gained mutation: You are frail. (-10% HP) [a neqoxec]
 92214 | Pan      | Found an exit through the horrors of the Abyss.
 92287 | Pan      | Gained mutation: Your body often deteriorates upon taking
                  | damage. [a neqoxec]
 92915 | Pan      | Gained mutation: You are very clumsy. (Dex -4) [a neqoxec]
 93254 | Pan      | Lost mutation: Armour fits poorly on your strangely shaped
                  | body. [potion of mutation]
 93254 | Pan      | Lost mutation: You are partially covered in iridescent
                  | scales. (AC +2) [potion of mutation]
 93254 | Pan      | Lost mutation: Your spells are a little harder to cast, but
                  | a little more powerful. [potion of mutation]
 93254 | Pan      | Gained mutation: You are partially covered in iridescent
                  | scales. (AC +2) [potion of mutation]
 93254 | Pan      | Gained mutation: You passively map the area around you.
                  | [potion of mutation]
 94061 | Pan      | Found a runed translucent door.
 94061 | Pan      | Found a runed translucent door.
 94073 | Pan      | Noticed Joepla the pandemonium lord
 94073 | Pan      | Found a runed translucent door.
 94080 | Pan      | Found a runed translucent door.
 94095 | Pan      | Killed Joepla the pandemonium lord
 95004 | Pan      | Entered the realm of Mnoleg.
 95008 | Pan      | Identified the +8 tower shield of Responsibility {rElec rF-
                  | Int+7}
 95008 | Pan      | Noticed Mennas
 95033 | Pan      | Killed Mennas
 95313 | Pan      | Gained mutation: You are dopey. (Int -2) [a neqoxec]
 95440 | Pan      | Gained mutation: You occasionally lose the ability to drink
                  | potions when taking damage. [a cacodemon]
 95442 | Pan      | Gained mutation: Armour fits poorly on your strangely
                  | shaped body. [a cacodemon]
 95478 | Pan      | Gained mutation: You are very dopey. (Int -4) [a neqoxec]
 95512 | Pan      | Found an exit through the horrors of the Abyss.
 95952 | Pan      | Gained mutation: You sometimes lose the ability to read
                  | scrolls when taking damage. [a shining eye]
 95952 | Pan      | Gained mutation: Your spells are a little easier to cast,
                  | but a little less powerful. [a shining eye]
 95953 | Pan      | Gained mutation: You sometimes lose the ability to drink
                  | potions when taking damage. [a shining eye]
 96107 | Pan      | Gained mutation: You sometimes lose your temper in combat.
                  | [a cacodemon]
 96163 | Pan      | Gained mutation: Your magical capacity is low. (-10% MP) [a
                  | neqoxec]
 96299 | Pan      | Noticed Mnoleg
 96315 | Pan      | Killed Mnoleg
 96329 | Pan      | Lost mutation: You are frail. (-10% HP) [potion of
                  | mutation]
 96329 | Pan      | Lost mutation: You sometimes lose your temper in combat.
                  | [potion of mutation]
 96329 | Pan      | Lost mutation: You expend magic power (3 MP) to strengthen
                  | your wands. [potion of mutation]
 96329 | Pan      | Gained mutation: You are mostly covered in iridescent
                  | scales. (AC +4) [potion of mutation]
 96332 | Pan      | Got a glowing rune of Zot
 96474 | Pan      | Gained mutation: You are vulnerable to heat. (rF-) [a
                  | neqoxec]
 96699 | Pan      | Gained mutation: You are vulnerable to cold. (rC-) [a
                  | cacodemon]
 96720 | Pan      | Gained mutation: You are frail. (-10% HP) [a neqoxec]
 96728 | Depths:2 | Escaped Pandemonium
 96962 | Elf:3    | Bought a potion of mutation for 96 gold pieces
 96962 | Elf:3    | Lost mutation: You do not regenerate when monsters are
                  | visible. [potion of mutation]
 96962 | Elf:3    | Lost mutation: You are vulnerable to heat. (rF-) [potion of
                  | mutation]
 96962 | Elf:3    | Gained mutation: You have sharp toenails. [potion of
                  | mutation]
 97639 | Tar:1    | Entered Level 1 of Tartarus
 99764 | Tar:7    | Entered Level 7 of Tartarus
100404 | Tar:7    | Noticed Ereshkigal
100432 | Tar:7    | Killed Ereshkigal
100577 | Tar:7    | Noticed a dread lich
100581 | Tar:7    | Killed a dread lich
100784 | Tar:7    | Got a bone rune of Zot
101282 | Tar:7    | Noticed an ancient lich
101290 | Tar:7    | Killed an ancient lich
101301 | Tar:7    | Identified the ring of Zyz Vei {rN+ Int+4 Dex+2}
101302 | Tar:7    | Identified the staff of Fate {rPois Conj}
101303 | Tar:7    | Identified the ring of the Mantidfly {Ice Str+3 Int+3
                  | Stlth+}
101510 | Tar:7    | Identified the staff "Dolokamena" {rC+ rN+ Conj Ice}
101537 | Tar:7    | Noticed a dread lich
101537 | Tar:7    | Noticed an ancient lich
101541 | Tar:7    | Killed a dread lich
101544 | Tar:7    | Killed an ancient lich
101564 | Tar:7    | Identified the ring of the Sunfish {rC+ MP+9}
101600 | Tar:7    | Identified the amulet "Ostomulubb" {Acrobat rF+ Will+}
101889 | Geh:1    | Entered Level 1 of Gehenna
104554 | Geh:7    | Entered Level 7 of Gehenna
104714 | Geh:7    | Gained mutation: You are occasionally teleported next to
                  | monsters. [mutagenic glow]
104723 | Geh:7    | Gained mutation: You sometimes lose your temper in combat.
                  | [mutagenic glow]
104739 | Geh:7    | Gained mutation: Your magical capacity is very low. (-20%
                  | MP) [mutagenic glow]
104760 | Geh:7    | Gained mutation: You are weak. (Str -2) [mutagenic glow]
104771 | Geh:7    | Gained mutation: Potions are less effective at restoring
                  | your health. [mutagenic glow]
104781 | Geh:7    | HP: 14/290 [Brimstone Fiend/damnation (25)]
104785 | Geh:7    | Gained mutation: You are often teleported next to monsters.
                  | [mutagenic glow]
104828 | Geh:7    | Gained mutation: You have an uncontrollable temper.
                  | [mutagenic glow]
104962 | Geh:7    | Identified the +0 chain mail of the Storm King {Str-4
                  | Dex+3}
105622 | Geh:7    | Found the +13 sceptre of Asmodeus
105622 | Geh:7    | Noticed Asmodeus
105629 | Geh:7    | Killed from afar by a Brimstone Fiend

Illustrated notes

Levels and vault maps discovered:
D:1:      orjb1_clovarrival, layout_loops_ring, roderic_lattice_a,
          minmay_misc_feat_encased
D:2:      layout_basic, grunt_decor_junction, kennysheep_generic_room_13,
          uniq_jessica
D:3:      layout_basic, zin_statuary, mainiacjoe_overflow_brackets
D:4:      minmay_chambers_of_twos, layout_rooms,
          gammafunk_temple_overflow_elements, minmay_temple_entry_crystal_x,
          chequers_serial_rivers_micro_b, hangedman_abyss_or_decor_slice
D:5:      layout_basic, uniq_eustachio
D:6:      layout_loops_corners, kennysheep_generic_room_7, uniq_jeremiah
D:7:      layout_basic, lemuel_round_altar, mainiacjoe_overflow_swirl,
          gammafunk_ghost_berserking_beasts, uniq_pikel,
          uniq_crazy_yiuf_cottage, uniq_prince_ribbit1
D:8:      layout_basic, grunt_temple_overflow_lords_of_destruction,
          nicolae_gozag_zags_fifth_avenue, kb_lookout_dungeons_type, uniq_joseph
D:9:      layout_rooms
D:10:     layout_rooms, uniq_gastronok, uniq_maurice, uniq_sonja
D:11:     layout_roguey, lair_entry_dummy, orc_david_3,
          serial_library_regret_index_headful
D:12:     layout_loops_ring, minmay_misc_feat_five, uniq_snorg
D:13:     layout_cave_pools, erik_vaults_2
D:14:     layout_basic, minmay_crystal_room, ebering_ghost_xom, uniq_frances,
          uniq_jorgrun
D:15:     gammafunk_depths_entry_grave, layout_basic
Temple:   minmay_temple_bridge_abc
Lair:1:   layout_cave_pods, grunt_forest_large_clearings
Lair:2:   layout_cave_pods, spider_nest_entry_funnel_web,
          infiniplex_staircase_pool
Lair:3:   layout_cellular_growth, minmay_shoals_entry_centaurs,
          ebering_ghost_xom, lemuel_fruit_fields
Lair:4:   layout_roguey, dpeg_slime_entry_corner, infiniplex_staircase_pool_2,
          lemuel_fruit_tree, grunt_megastairs_4
Lair:5:   evilmike_catoblepas_cave, layout_cave_shapes, eino_house_with_fridge
Shoals:1: layout_shoals, serial_shops, shop, gammafunk_ghost_grave
Shoals:2: layout_shoals, nicolae_shoals_goliath_grotto
Shoals:3: layout_shoals, serial_shops, nicolae_shop_hallway_stairs,
          uniq_polyphemus
Shoals:4: shoals_end_simple, layout_shoals, ebering_ghost_reflecting_pool
Spider:1: layout_chambers
Spider:2: layout_spider_delve
Spider:3: layout_spider_delve, nicolae_looking_at_the_future
Spider:4: hellmonk_spider_rune_endless_swarm, guppyfry_spider_mini_1
Slime:1:  layout_caves
Slime:2:  layout_caves
Slime:3:  layout_caves, uniq_dissolution
Slime:4:  layout_caves
Slime:5:  slime_pit_nicolae_inversion
Orc:1:    layout_caves, basic_altar, nicolae_orc_lava_room
Orc:2:    st_orc_mages, layout_caves, nicolae_volcano_entry_hallway,
          serial_shops, shop, basic_altar, einodemon_armed_red_devil_minivault,
          uniq_donald
Elf:1:    eino_elf_arrival_the_gate, layout_geoelf_octagon, evilmike_minifort,
          roderic_lattice_octagonal_star
Elf:2:    elven_hall_of_blades_hangedman_alternative [nicolae_blade_bullseye],
          layout_onion_city, serial_shops, shop, shop,
          nicolae_shop_temple_entry_statues_fountains, shop, uniq_nikola,
          uniq_louise, uniq_azrael
Elf:3:    minmay_elf_hall_statues, layout_gridlike, basic_altar,
          hangedman_aerie_drop, minmay_shop_star
Vaults:1: nicolae_vaults_frosty_reception, vaults_mumra_chevron_long,
          nicolae_vaults_house_2, vaults_dpeg_doors, v_rooms_3,
          nicolae_vaults_network_periphery, v_rooms_4,
          nicolae_vaults_bisected_slash, v_misc_1,
          nicolae_vaults_storage_room_doors, nicolae_vaults_octothorpe,
          hangedman_vaults_stagger, v_misc_19, nicolae_vaults_trapezoid_2,
          layout_vaults_maze, serial_shops, bzr_entry_islet
Vaults:2: mu_enter_wizlab_3, v_rooms_1, nicolae_vaults_more_shelving_1,
          vaults_room_boxed, nicolae_vaults_puzzle_piece,
          blue_anna_dwarven_crypt, vaults_room_hallway, nicolae_vaults_house_3,
          nicolae_vaults_diamond_2, grunt_vaults_swirl,
          nicolae_vaults_murder_corner, v_misc_26, v_misc_24, vaults_dpeg_ring,
          vaults_dpeg_diagonal, ontoclasm_vaults_decontamination,
          layout_vaults_big_cross, nicolae_trove_entry_isolated
Vaults:3: not_door_vault_due, hangedman_vaults_slice,
          nicolae_vaults_trapezoid_2, nicolae_vaults_tetromino_T_1,
          hangedman_vaults_restitches, nicolae_vaults_shelves_hall,
          vaults_dpeg_cross, nicolae_vaults_theta, layout_vaults_quadrants,
          uniq_margery, uniq_saint_roka
Vaults:4: hangedman_vaults_locks, vaults_room_fancy_cross,
          nicolae_vaults_holding_cells, grunt_vaults_funnel, v_alt_pattern_4,
          hangedman_vaults_stitches, v_pattern_3,
          nicolae_vaults_mini_display_case, nicolae_vaults_stepped_doors,
          nicolae_vaults_diamond_1, nicolae_vaults_tetromino_Z_1,
          layout_vaults_chaotic_city
Vaults:5
Crypt:1:  gammafunk_sealed_library, layout_catacombs
Crypt:2:  layout_gridlike, st_stairs_11, uniq_josephina
Crypt:3:  grunt_crypt_end_deaths_head
Depths:1: gammafunk_depths_water_palace, layout_gridville, enter_ziggurat_a,
          wad_floor_pattern_untrapped, hell_entry, roderic_roman_lattice,
          st_stairs_7, minmay_microvault
Depths:2: minmay_the_grid_4x2 [minmay_the_grid_minigrid_medium,
          minmay_the_grid_medium_cups, minmay_the_grid_mess,
          minmay_the_grid_spikes, minmay_the_grid_eight,
          minmay_the_grid_plusring, minmay_the_grid_pillar_ring,
          minmay_the_grid_prize_inner_circle], layout_gridlike, pan_entry,
          hell_entry, nicolae_ru_sacrificial_ziggurat,
          infiniplex_staircase_pillars_3b, minmay_shop_grove,
          serial_bayou_shore_b, firewood_loft, serial_bayou_shore_b
Depths:3: kennysheep_water_balloons, layout_cave_shapes, gammafunk_ghost_icy,
          hell_entry, minmay_holes, abyss_entry_crystal,
          kennysheep_generic_room_6, infiniplex_staircase_hallway_doors
Depths:4: evilmike_zot_entry_hall, layout_basic, grunt_hell_entry_dis_old,
          hangedman_abyss_entry_splay, hellmonk_ghost_happy_afterlife,
          serial_library_regret_index_small_wings, dreamdust_wasp_nest
Hell
Geh:1:    layout_gehenna_lava_caves
Geh:2:    layout_gehenna_lava_caves
Geh:3:    layout_gehenna_pools_box
Geh:4:    layout_gehenna_pools_box, nicolae_geh_niches_of_the_damned
Geh:5:    nicolae_geh_erupted_tower, layout_gehenna_lava_caves
Geh:6:    layout_gehenna_pools_box
Geh:7:    evilmike_geh
Tar:1:    layout_catacombs
Tar:2:    nicolae_tar_entranced, layout_cathedral_of_symmetry,
          lemuel_nasty_fountain
Tar:3:    layout_grid_maze
Tar:4:    layout_grid_maze
Tar:5:    layout_cathedral_of_symmetry
Tar:6:    layout_grid_maze
Tar:7:    tar_grunt_cathedral
Zot:1:    layout_onion, regret_index_zotdec_silver_v_v_orig_slice, uniq_tiamat,
          uniq_grunn

Skill      XL: |  1  2  3  4  5  6  7  8  9 10 11 12 13 14 15 16 17 18 19 20 21 22 23 24 25 26 27 |
---------------+----------------------------------------------------------------------------------+-----
Maces & Flails | 4 5 6 7 8 9 10 11 12 13 15 21 | 21.5
Fighting       | 3 4 5 7 8 9 10 11 12 13 14 15 16 17 18 19 20 21 22 27 | 27.0
Dodging        | 3 4 5 6 7 8 9 10 11 13 14 15 16 | 16.2
Stealth        | 1 2 |  2.0
Throwing       | 3 4 5 7 8 9 10 11 12 13 14 15 16 17 18 19 24 | 24.7
Spellcasting   | 2 3 5 7 8 9 10 11 12 13 14 15 16 17 23 | 23.7
Alchemy        | 1 3 4 5 6 7 8 9 10 11 12 | 12.7
Shields        | 1 4 6 8 9 10 11 12 13 14 15 22 | 22.9
Evocations     | 1 2 13 | 13.6
Armour         | 2 3 4 5 6 7 8 9 10 11 12 13 14 20 | 20.3
Invocations    | 2 5 7 8 10 11 12 13 14 | 14.9
Translocations | 2 4 5 6 9 |  9.4
Fire Magic     | 1 4 5 6 7 8 |  8.5
Hexes          | 1 5 6 7 8 12 | 12.2
Necromancy     | 3 |  3.3
Air Magic      | 4 12 | 12.6

Action                     |  1- 3 |  4- 6 |  7- 9 | 10-12 | 13-15 | 16-18 | 19-21 | 22-24 | 25-27 || total
---------------------------+-------+-------+-------+-------+-------+-------+-------+-------+-------++-------
  Melee: Flail             |    62 |    87 |       |       |       |       |       |       |       ||   149
         Headbutt          |    11 |    33 |    83 |   292 |   255 |   302 |   270 |   248 |  2036 ||  3530
         Punch             |       |     1 |     2 |       |       |       |       |       |       ||     3
         Dagger            |       |    86 |   125 |     2 |       |       |       |       |       ||   213
         Whip              |       |       |   176 |   847 |   716 |   710 |   102 |       |       ||  2551
         Mace              |       |       |       |       |       |   224 |   540 |       |       ||   764
         Morningstar       |       |       |       |       |       |       |    82 |    37 |  4130 ||  4249
         Demon whip        |       |       |       |       |       |       |       |   644 |  1940 ||  2584
         Kick              |       |       |       |       |       |       |       |   110 |  1044 ||  1154
  Throw: Throwing net      |       |     1 |     2 |       |       |       |       |       |     3 ||     6
         Dart              |       |     3 |     7 |    46 |    14 |       |       |       |       ||    70
         Javelin           |       |       |     2 |     6 |       |     8 |       |     4 |   124 ||   144
         Large rock        |       |       |       |     4 |    38 |   219 |   252 |   416 |   841 ||  1770
   Cast: Olgreb's Toxic Ra |       |       |       |    10 |    72 |   163 |   118 |    45 |    47 ||   455
         Sting             |       |       |       |     1 |       |       |     1 |       |     1 ||     3
         Scorch            |       |       |       |       |    27 |     1 |     4 |     1 |     5 ||    38
         Momentum Strike   |       |       |       |       |     2 |       |     1 |       |     1 ||     4
         Mercury Vapours   |       |       |       |       |     1 |       |       |       |       ||     1
         Blink             |       |       |       |       |     3 |     2 |    19 |    19 |    10 ||    53
         Ignite Poison     |       |       |       |       |       |    40 |    96 |    51 |    43 ||   230
         Sticky Flame      |       |       |       |       |       |     7 |     2 |     1 |       ||    10
         Slow              |       |       |       |       |       |       |     5 |       |       ||     5
         Fugue of the Fall |       |       |       |       |       |       |     4 |     6 |     5 ||    15
         Ensorcelled Hiber |       |       |       |       |       |       |     3 |       |       ||     3
         Vhi's Electric Ch |       |       |       |       |       |       |       |       |   232 ||   232
         Inner Flame       |       |       |       |       |       |       |       |       |     4 ||     4
         Eringya's Noxious |       |       |       |       |       |       |       |       |     4 ||     4
         Silence           |       |       |       |       |       |       |       |       |     1 ||     1
 Invoke: Bend Time         |       |       |       |     1 |       |     1 |       |       |       ||     2
         Slouch            |       |       |       |     1 |     4 |    16 |    15 |     3 |    46 ||    85
         Step From Time    |       |       |       |       |       |       |       |       |     2 ||     2
Ability: Evoke Blink       |       |       |       |       |       |       |     2 |       |       ||     2
  Evoke: Wand              |       |       |     2 |    10 |       |     4 |     6 |       |     3 ||    25
         Phantom mirror    |       |       |       |       |     1 |     1 |     2 |       |     2 ||     6
         Lightning rod     |       |       |       |       |       |     6 |     5 |       |       ||    11
         Box of beasts     |       |       |       |       |       |       |     2 |       |       ||     2
    Use: Scroll            |       |     7 |     3 |     8 |    14 |     9 |    15 |    10 |    32 ||    98
         Potion            |       |       |       |     6 |     1 |     6 |    12 |     7 |    58 ||    90
   Stab: Sleeping          |       |     1 |     1 |     5 |     4 |       |     1 |       |       ||    12
         Distracted        |       |       |     1 |     2 |       |     2 |     1 |     1 |     1 ||     8
         Paralysed         |       |       |       |     6 |       |       |       |       |       ||     6
         Petrified         |       |       |       |       |     5 |       |       |       |       ||     5
         Held in net/web   |       |       |       |       |       |       |       |       |     1 ||     1
 Armour: Robe              |    34 |   127 |   139 |   106 |       |       |       |       |       ||   406
         Acid dragon scale |       |       |       |    76 |       |       |       |       |       ||    76
         Troll leather arm |       |       |       |   116 |   274 |   407 |       |       |       ||   797
         Quicksilver drago |       |       |       |       |       |   169 |   364 |       |       ||   533
         Gold dragon scale |       |       |       |       |       |       |    64 |   491 |  2311 ||  2866
         Skin              |       |       |       |       |       |       |       |       |    39 ||    39
  Dodge: Dodged            |    36 |   106 |   159 |   264 |   298 |   583 |   438 |   356 |  2542 ||  4782
         Repelled          |       |       |       |       |       |     8 |    24 |    11 |    99 ||   142
  Block: Kite shield       |       |       |    18 |   429 |   452 |   856 |   660 |   528 |       ||  2943
         Tower shield      |       |       |       |       |       |       |       |    19 |  7202 ||  7221
